 Dungeon Crawl Stone Soup version 0.24.0-13-gcf9b3192b9 (webtiles) character file.

Game seed: 12559038156123683044, levelgen mode: deterministic

152 Descartes the Sneak (level 5, -6/24 HPs)
             Began as a Spriggan Air Elementalist on Nov 10, 2019.
             Mangled by a centaur (8 damage)
             ... on level 3 of the Dungeon.
             The game lasted 00:10:48 (3437 turns).

Descartes the Sneak (Spriggan Air Elementalist)     Turns: 3437, Time: 00:10:49

Health: -6/24      AC:  2    Str:  4    XL:     5   Next: 11%
Magic:  11/12      EV: 19    Int: 17    God:
Gold:   85         SH:  0    Dex: 17    Spells: 4/12 levels left

rFire    . . .     SeeInvis +   j - +2 dagger (venom)
rCold    . . .     Gourm    .   (shield restricted)
rNeg     . . .     Faith    .   a - +0 robe
rPois    .         Spirit   .   (helmet restricted)
rElec    .         Reflect  .   (no cloak)
rCorr    .         Harm     .   (gloves unavailable)
MR       .....                  (boots unavailable)
Stlth    +++.......             (no amulet)
HPRegen  0.08/turn              (no ring)
MPRegen  0.13/turn              (no ring)

@: very quick
A: very small, unfitting armour, see invisible, herbivore, speed 3, slow
metabolism 2
a: no special abilities


You were on level 3 of the Dungeon.
You were not hungry.

You visited 1 branch of the dungeon, and saw 3 of its levels.

You collected 85 gold pieces.

Inventory:

Hand Weapons
 d - a +0 dagger
 j - a +2 dagger of venom (weapon)
 r - a +0 hunting sling
Missiles
 b - 161 stones (quivered)
 n - 40 arrows
 o - 29 bolts
Armour
 a - a +0 robe (worn)
Scrolls
 f - a scroll of remove curse
Potions
 e - a potion of brilliance
 g - a potion of agility {unknown}
 l - a potion of might {unknown}
 p - a potion of cancellation
 s - a potion of curing
Comestibles
 c - 3 rations


   Skills:
 + Level 4.0 Dodging
 + Level 4.1 Stealth
 * Level 4.1 Spellcasting
 + Level 1.4 Conjurations
 * Level 3.6 Air Magic


You had 4 spell levels left.
You knew the following spells:

 Your Spells              Type           Power        Failure   Level  Hunger
a - Shock                 Conj/Air       ##..         5%          1    None
b - Static Discharge      Conj/Air       ##......     16%         3    ###....
c - Airstrike             Air            ###.......   34%         4    ####...

Your spell library contained the following spells:

 Spells                   Type           Power        Failure   Level  Hunger
 Swiftness                Chrm/Air       #.......     11%         2    ##.....
 Lightning Bolt           Conj/Air       ##........   83%         5    ######.


Dungeon Overview and Level Annotations

Branches:
Dungeon (3/15)

Altars:


Innate Abilities, Weirdness & Mutations

You are very small and have problems with some larger weapons.
You are too small for most types of armour.
You have supernaturally acute eyesight. (SInv)
You are a herbivore.
You cover ground extremely quickly.
You need to consume almost no food.


Message History

You hit the centaur.
The centaur looks as sick as possible!
The centaur is lightly wounded.
The centaur misses you. The ball python bites you.
* * * LOW HITPOINT WARNING * * *
The ball python constricts you. The centaur closely misses you.
Casting: Shock (safe; 5% risk of failure)
Confirm with . or Enter, or press ? or * to list all spells.
Aiming: Shock (safe; 5% risk of failure)
Press: ? - help, Shift-Dir - straight line, f/p - ball python
Aim: a ball python (heavily wounded, constricting you)
The zap hits the ball python.
You kill the ball python!
The centaur closely misses you.
You hit the centaur.
The centaur looks as sick as possible!
The centaur is moderately wounded.
The centaur misses you. The centaur barely misses you.
You hit the centaur but do no damage.
The centaur looks as sick as possible!
The centaur is heavily wounded.
The centaur hits you!
You die...

##.## ##............... .... #'#
##.##.#...####.. ..# # ##.##
##............# .#.# #.#.#
######.#.....#..###.....
###.###..##...(..................
..#.#...8o#............<..((.....
.#+.+#....#.........#.........##.
r#+.+#...o#.........#............
#.# #.....@...#...........# ##.##
#.....†c..#...........# #.#.#
#.........#.......... ##.##
#.........###........ #8.8#
#..................$. ##.#####
##........... #.#.##.##
#.........##.
#8.8'...###.........#
#.#.##.##.#.........##.


You could see a centaur.

Vanquished Creatures
  Jessica (D:2)
  Robin (D:1)
  2 adders (D:2)
  An ooze (D:1)
  A worm (D:3)
  2 dart slugs (D:1)
  4 leopard geckos
  2 orcs (D:3)
  8 bats
  2 giant cockroaches
  19 goblins
  10 hobgoblins
  2 quokkas (D:2)
  3 ball pythons
  6 frilled lizards
  4 kobolds
  9 rats
77 creatures vanquished.

Notes
Turn   | Place    | Note
-------+----------+-------------------------------------------
     0 | D:1      | Descartes the Spriggan Air Elementalist began the quest for
                  | the Orb.
     0 | D:1      | Reached XP level 1. HP: 9/9 MP: 5/5
   214 | D:1      | Reached XP level 2. HP: 8/13 MP: 1/7
   691 | D:1      | Reached skill level 1 in Conjurations
   730 | D:1      | Reached XP level 3. HP: 16/16 MP: 6/8
  1439 | D:2      | Noticed Robin
  1681 | D:1      | Killed Robin
  1681 | D:1      | Reached XP level 4. HP: 17/21 MP: 2/10
  2635 | D:2      | Noticed Jessica
  2641 | D:2      | Killed Jessica
  2710 | D:2      | Learned a level 3 spell: Static Discharge
  2715 | D:2      | Learned a level 4 spell: Airstrike
  2913 | D:3      | Noticed a centaur
  2920 | D:3      | HP: 1/21 [centaur/arrow (10)]
  3273 | D:3      | Reached XP level 5. HP: 24/24 MP: 1/12
  3437 | D:3      | Mangled by a centaur

Levels and vault maps discovered:
D:1:      roderic_chinese_lattice_arrival, layout_loops_ring,
          minmay_pentomino_x4
D:2:      wander_river, layout_loops_ring, uniq_jessica, uniq_robin
D:3:      layout_rooms, gup_sewer_entry_glass, wad_orctagon

Skill      XL: |  1  2  3  4 |
---------------+-------------+-----
Spellcasting   | 3 4 |  4.1
Air Magic      | 3 |  3.6
Conjurations   | 1 |  1.4
Stealth        | 4 |  4.1
Dodging        | 4 |  4.0

Action                   |  1- 3 |  4- 6 || total
-------------------------+-------+-------++-------
Melee: Unarmed           |     6 |       ||     6
       Dagger            |    18 |    44 ||    62
 Cast: Shock             |    95 |    69 ||   164
  Use: Scroll            |       |     7 ||     7
Armor: Robe              |     7 |     5 ||    12
Dodge: Dodged            |    69 |    67 ||   136
